 Dungeon Crawl Stone Soup version 0.27.1-3-gb3d3a73c9e (webtiles) character file.

Game seed: 14682885767135799947

69 Crownlay the Shield-Bearer (level 4, -6/35 HPs)
             Began as a Formicid Fighter on Oct 16, 2021.
             Mangled by a gnoll (8 damage)
             ... on level 3 of the Dungeon.
             The game lasted 00:01:59 (2099 turns).

Crownlay the Shield-Bearer (Formicid Fighter)       Turns: 2099, Time: 00:01:59

Health: -6/35      AC:  6    Str: 22    XL:     4   Next: 42%
Magic:  4/4        EV:  9    Int:  7    God:
Gold:   96         SH:  0    Dex: 16    Spells: 3/3 levels left

rFire    . . .     SeeInvis +   a - +0 long sword
rCold    . . .     Faith    .   (no shield)
rNeg     . . .     Spirit   .   b - +0 scale mail
rPois    .         Reflect  .   (helmet unavailable)
rElec    .         Harm     .   (no cloak)
rCorr    .         Rampage  .   (no gloves)
Will     .....                  (no boots)
Stlth    ..........             (no amulet)
HPRegen  0.11/turn              i - +6 ring of dexterity
MPRegen  0.09/turn              (no ring)

@: no status effects
A: permanent stasis, dig shafts and tunnels, antennae 3, four strong arms
a: Dig, Shaft Self


You were on level 3 of the Dungeon.
You visited 1 branch of the dungeon, and saw 3 of its levels.

You collected 96 gold pieces.

Inventory:

Hand Weapons
 a - a +0 long sword (weapon)
Armour
 b - a +0 scale mail (worn)
 c - a +0 kite shield
Jewellery
 i - a +6 ring of dexterity (left hand)
Scrolls
 d - a scroll of summoning {unknown}
 e - a scroll of fog {unknown}
 g - 2 scrolls of enchant weapon {unknown}
 h - a scroll of teleportation {unknown}
 k - 2 scrolls of identify {unknown}
Potions
 f - a potion of curing {unknown}
 j - 2 potions of heal wounds {unknown}


   Skills:
 - Level 3.2 Fighting
 + Level 3.4 Long Blades
 - Level 3.2 Armour
 + Level 4.8 Shields


You had 3 spell levels left.
You didn't know any spells.
Your spell library contained the following spells:

 Spells                   Type           Power      Damage    Failure   Level
 Shock                    Conj/Air       0%         1d3       77%         1
 Airstrike                Air            0%         N/A       100%        4
 Swiftness                Air            Unusable   N/A       N/A         3

Dungeon Overview and Level Annotations

Branches:
Dungeon (3/15)

Altars:

Shops:
D:2 *


Innate Abilities, Weirdness & Mutations

You cannot be hasted, slowed, berserked, paralysed or teleported.
You can dig through walls and to a lower floor.
You have a pair of large antennae on your head. (SInv)
Your four strong arms can wield two-handed weapons with a shield.


Message History

You hit the gnoll but do no damage.
The gnoll is moderately wounded.
The gnoll misses you.
You riposte.
You closely miss the gnoll.
The gnoll is moderately wounded.
The gnoll closely misses you.
You hit the gnoll but do no damage.
The gnoll is moderately wounded.
The gnoll barely misses you.
You riposte.
You closely miss the gnoll.
The gnoll is moderately wounded.
The gnoll closely misses you. The gnoll hits you with a +0 flail!
You barely miss the gnoll.
The gnoll is moderately wounded.
The gnoll closely misses you. x3
You slash the gnoll!
The gnoll is almost dead.
The gnoll hits you with a +0 flail!
The gnoll hits you from afar with a +0 halberd.
You are too injured to fight recklessly!
You are too injured to fight recklessly!
You are too injured to fight recklessly!
You are too injured to fight recklessly!
You hit the gnoll but do no damage.
The gnoll is almost dead.
The gnoll closely misses you.
The gnoll hits you from afar with a +0 halberd.
* * * LOW HITPOINT WARNING * * *
You barely miss the gnoll.
The gnoll is almost dead.
The gnoll closely misses you.
The gnoll hits you from afar with a +0 halberd!
* * * LOW HITPOINT WARNING * * *
A gnoll comes into view. It is wielding a +0 club.
The gnoll hits you with a +0 flail.
* * * LOW HITPOINT WARNING * * *
The gnoll closely misses you.
You riposte.
You hit the gnoll.
The gnoll is lightly wounded.
The gnoll closely misses you.
There is an escape hatch in the ceiling here.
The gnoll hits you with a +0 club!
You die...

# ###.#####
.......<####
###.......@#
.........#g#
###.######g#
####.######g#
.......gg.#.#
####.####.#.###
#.....#
.........###
#.######.#


You could see 3 gnolls.

Vanquished Creatures
  2 adders (D:2)
  A worm (D:2)
  A dart slug (D:1)
  4 ball pythons
  2 endoplasms (D:1)
  3 goblins
  5 hobgoblins
  7 jackals
  2 kobolds
  4 quokkas
  3 bats
  2 frilled lizards
  6 rats
42 creatures vanquished.

Vanquished Creatures (others)
  2 plants (D:1)
2 creatures vanquished.

Grand Total: 44 creatures vanquished

Notes
Turn   | Place    | Note
-------+----------+-------------------------------------------
     0 | D:1      | Crownlay the Formicid Fighter began the quest for the Orb.
     0 | D:1      | Reached XP level 1. HP: 18/18 MP: 1/1
   140 | D:1      | Reached XP level 2. HP: 24/24 MP: 2/2
   368 | D:1      | Reached skill level 4 in Shields
   732 | D:1      | Reached XP level 3. HP: 28/29 MP: 3/3
  1181 | D:2      | Found Seroet's Assorted Antiques.
  1364 | D:2      | Reached XP level 4. HP: 8/35 MP: 4/4
  1656 | D:2      | Found a faded altar of an unknown god.
  2090 | D:3      | HP: 1/35 [gnoll (1)]
  2099 | D:3      | Mangled by a gnoll

Illustrated notes

Levels and vault maps discovered:
D:1:      dpeg_arrival_fog, layout_loops_ring, serial_bayou_lagoon_a
D:2:      layout_rooms, shapermc_ecumenical_altar_mp_highgroup, serial_shops,
          shop, grunt_ministairs_9
D:3:      layout_basic, nicolae_overflow_hidden_temple, uniq_ijyb

Skill      XL: |  1  2  3 |
---------------+----------+-----
Shields        | 4 |  4.8
Long Blades    | 3 |  3.4
Fighting       | |  3.2
Armour         | |  3.2

Action                   |  1- 3 |  4- 6 || total
-------------------------+-------+-------++-------
Melee: Long sword        |    91 |    31 ||   122
  Use: Potion            |     1 |       ||     1
Armor: Scale mail        |    74 |    11 ||    85
Dodge: Dodged            |    64 |    26 ||    90
Block: Kite shield       |     2 |       ||     2
       Rpst.: Long sword |    20 |     6 ||    26
